 Dungeon Crawl Stone Soup version 0.31-a0-889-g1a8549509d (webtiles) character file.

Game seed: 17298576492552209235

1453 Azuregosa the Covert (level 8, -4/52 HPs)
             Began as an Octopode Delver on Oct 16, 2023.
             Was a Believer of Qazlal.
             Slain by Joseph
             ... wielding a +0 quarterstaff
              (14 damage)
             ... on level 7 of the Dungeon.
             The game lasted 00:26:00 (5430 turns).

Azuregosa the Covert (Octopode Delver)              Turns: 5430, Time: 00:26:01

Health: -4/52      AC:  8    Str: 11    XL:     8   Next: 76%
Magic:  26/26      EV: 13    Int: 21    God:    Qazlal [**....]
Gold:   154        SH:  3    Dex: 13    Spells: 12/19 levels left

rFire   . . .        E - +2 dagger (protect)
rCold   . . .        (no shield)
rNeg    . . .        (helmet restricted)
rPois   .            (no amulet)
rElec   .            i - ring of wizardry
rCorr   .            t - +6 ring of intelligence
SInv    .            C - ring of magical power
Will    .....        D - ring of flight
Stlth   ++++         (no ring)
HPRegen 0.28/turn    (no ring)
MPRegen 0.20/turn    (no ring)
                     (no ring)

%: wizardry (x1)
@: under a protective aura, flying
A: almost no armour, amphibious, 8 rings, camouflage 1, gelatinous body 1,
(nimble swimmer 1), tentacles
a: Renounce Religion, Upheaval


You were on level 7 of the Dungeon.
You worshipped Qazlal.
Qazlal was pleased with you.
You visited 1 branch of the dungeon, and saw 7 of its levels.

You collected 224 gold pieces.
You spent 70 gold pieces at shops.

Inventory:

Hand Weapons
 a - a +0 short sword
 g - a +0 flail
 n - a +1 dagger of protection
 p - a +2 flail of holy wrath
 z - a +2 dagger of flaming
 E - a +2 dagger of protection (weapon)
Missiles
 m - 12 boomerangs
Magical Staves
 A - a staff of earth
Jewellery
 i - a ring of wizardry (left tentacle)
 t - a +6 ring of intelligence (right tentacle)
 C - a ring of magical power (on tentacle)
 D - a ring of flight (on tentacle)
Wands
 f - a wand of digging (3)
 y - a wand of roots (6)
 F - a wand of charming (9)
Scrolls
 b - a scroll of fog
 d - 2 scrolls of fear
 e - 2 scrolls of poison {unknown}
 h - a scroll of vulnerability {unknown}
 j - 2 scrolls of teleportation
 l - a scroll of brand weapon {unknown}
 o - a scroll of immolation {unknown}
 s - a scroll of noise
 u - 2 scrolls of identify
 w - a scroll of blinking {unknown}
 B - a scroll of acquirement {unknown}
Potions
 k - 2 potions of cancellation {unknown}
 r - 2 potions of lignification
 v - a potion of experience {unknown}
 x - a potion of attraction {unknown}


   Skills:
 - Level 3.0 Fighting
 - Level 2.0 Short Blades
 - Level 2.0 Dodging
 - Level 9.4 Stealth
 + Level 6.4 Spellcasting
 + Level 1.8 Earth Magic
 + Level 6.1 Invocations


You had 12 spell levels left.
You knew the following spells:

 Your Spells              Type           Power      Damage    Failure   Level
a - Call Canine Familiar  Summ           6%         N/A       12%         3
b - Leda's Liquefaction   Hex/Erth       5%         N/A       26%         4

Your spell library contained the following spells:

 Spells                   Type           Power      Damage    Failure   Level
 Sigil of Binding         Hex            6%         N/A       12%         3
 Dimensional Bullseye     Hex/Tloc       3%         N/A       34%         4
 Chain Lightning          Conj/Air       3%         3d4       100%        9
 Fire Storm               Conj/Fire      3%         8d1       100%        9
 Shatter                  Erth           7%         3d9*      100%        9


Dungeon Overview and Level Annotations

Branches:
Dungeon (7/15)             Temple (0/1) D:7

Altars:
Qazlal
Trog

Shops:
D:1 ?

Annotations:
D:4 Dowan, Duvessa
D:7 Joseph, Maggie, Pikel


Innate Abilities, Weirdness & Mutations

You cannot wear most types of armour.
You are amphibious.
You can wear up to eight rings at the same time.
Your skin changes colour to match your surroundings (Stealth+).
Your rubbery body absorbs attacks. (AC +1, EV +1)
((You are camouflaged when in or above water. (Stealth+)))
You have tentacles for arms and can constrict up to eight enemies at once.


Message History

The sling bullet freezes you.
Joseph shoots a sling bullet.
The sling bullet hits you!! The sling bullet freezes you.
* * * LOW HITPOINT WARNING * * *
Joseph unwields a +0 sling of freezing.
Joseph wields a +0 quarterstaff.
Joseph closely misses you.
You feel much better. Joseph barely misses you.
You hit Joseph.
Your weapon exudes an aura of protection.
You grab Joseph.
Joseph is lightly wounded.
You constrict Joseph. Joseph barely misses you.
You hit Joseph.
Joseph is lightly wounded.
You constrict Joseph. Joseph hits you with a +0 quarterstaff.
You hit Joseph.
Joseph is lightly wounded.
You constrict Joseph. Joseph hits you with a +0 quarterstaff!
* * * LOW HITPOINT WARNING * * *
You hit Joseph.
Joseph is moderately wounded.
You constrict Joseph. Joseph hits you with a +0 quarterstaff.
* * * LOW HITPOINT WARNING * * *
You hit Joseph.
Joseph is moderately wounded.
You constrict Joseph. You hit Joseph but do no damage.
Joseph is heavily wounded.
You constrict Joseph. Joseph hits you with a +0 quarterstaff.
* * * LOW HITPOINT WARNING * * *
Aiming: Charm
Press: ? - help, Shift-Dir - straight line, f - Joseph
Aim: Joseph, wielding a +0 quarterstaff and wearing a +0 leather armour (heavily wounded, constricted by you, chance to affect: 31%) Joseph easily resists.
You constrict Joseph. Joseph hits you with a +0 quarterstaff.
* * * LOW HITPOINT WARNING * * *
You hit Joseph but do no damage.
Joseph is heavily wounded.
You constrict Joseph. Joseph hits you with a +0 quarterstaff!
You die...

#.# *#.. #.# #..
###.###### #..
#........# ***#..
#........# *,,...
#........# *,,...
#........###****,,...
#...........,,,+,,,,,
#...@....###****,,,*,
#...@....#** *,,,*,
#..........# *,,,*,
#...!......# *****,
######.....# *,
*.....# ********
*.....# *,,,,,*
*.....# *,,,,,*
******* *,,,,,*


You could see Joseph.

Vanquished Creatures
  Eustachio (D:5)
  A water moccasin (D:5)
  2 ice beasts
  3 scorpions
  3 jellies
  A gnoll bouda (D:4)
  2 hounds
  An orc priest (D:4)
  An iguana (D:5)
  5 orc wizards
  Robin (D:2)
  6 gnolls
  4 adders
  A white imp (D:5)
  2 ufetubi (D:6)
  3 worms
  A dart slug (D:2)
  17 orcs
  3 ball pythons
  5 bats
  3 endoplasms (D:2)
  A giant cockroach (D:3)
  10 goblins
  8 hobgoblins
  2 jackals (D:1)
  7 kobolds
  5 quokkas
  4 frilled lizards
  2 rats
105 creatures vanquished.

Vanquished Creatures (collateral kills)
  Sigmund (D:4)
  A centaur (D:6)
  A gnoll (D:4)
  An orc (D:4)
4 creatures vanquished.

Grand Total: 109 creatures vanquished

Notes
Turn   | Place    | Note
-------+----------+-------------------------------------------
     0 | D:5      | Azuregosa the Octopode Delver began the quest for the Orb.
     0 | D:5      | Reached XP level 1. HP: 16/16 MP: 1/1
    34 | D:7      | Noticed a lemure
   103 | D:4      | Reached skill level 7 in Stealth
   103 | D:4      | Reached XP level 2. HP: 17/21 MP: 2/2
   170 | D:5      | Reached skill level 8 in Stealth
   170 | D:5      | Reached XP level 3. HP: 26/26 MP: 3/3
   186 | D:5      | Reached XP level 4. HP: 27/31 MP: 4/4
   256 | D:5      | Noticed a water moccasin
   277 | D:4      | Noticed a phantom
   337 | D:4      | Found a bloodstained altar of Trog.
   345 | D:4      | Noticed an ogre
   516 | D:2      | Noticed Robin
   533 | D:2      | Reached skill level 9 in Stealth
   560 | D:2      | Killed Robin
   812 | D:1      | Reached XP level 5. HP: 34/36 MP: 5/5
   908 | D:1      | Found a faded altar of an unknown god.
   914 | D:1      | Prayed at the altar of an unknown god.
   914 | D:1      | Became a worshipper of Qazlal Stormbringer
   914 | D:1      | Reached * piety under Qazlal
  1401 | D:1      | Found Duon's Magic Scroll Boutique.
  1406 | D:1      | Bought a scroll of identify for 28 gold pieces
  1406 | D:1      | Bought a scroll of teleportation for 42 gold pieces
  1860 | D:2      | Reached skill level 1 in Spellcasting
  2219 | D:3      | Noticed an ice beast
  2234 | D:3      | Killed an ice beast
  2235 | D:3      | Reached XP level 6. HP: 14/42 MP: 6/10
  2434 | D:3      | Reached ** piety under Qazlal
  2595 | D:3      | Learned a level 3 spell: Call Canine Familiar
  2987 | D:4      | Noticed Dowan
  2990 | D:4      | Noticed Duvessa
  3200 | D:4      | Noticed Sigmund
  3214 | D:4      | Killed Sigmund
  3215 | D:4      | Reached XP level 7. HP: 46/46 MP: 3/13
  3663 | D:5      | Reached skill level 5 in Spellcasting
  3804 | D:5      | Reached XP level 8. HP: 43/52 MP: 14/16
  4200 | D:5      | Reached skill level 5 in Invocations
  4418 | D:5      | Noticed Eustachio
  4433 | D:5      | Killed Eustachio
  4456 | D:5      | Learned a level 4 spell: Leda's Liquefaction
  4859 | D:6      | Reached skill level 1 in Earth Magic
  5287 | D:7      | Noticed Maggie
  5287 | D:7      | Found a staircase to the Ecumenical Temple.
  5323 | D:7      | Noticed Pikel
  5416 | D:7      | Noticed Joseph
  5430 | D:7      | Slain by Joseph

Illustrated notes

Levels and vault maps discovered:
D:1:      nagdon_arrival_zigzag_paths, layout_basic, serial_shops,
          nicolae_shop_back_alley_shop, shapermc_ecumenical_altar_acropolis
D:2:      layout_loops_ring, dk_noncrumbling_4, uniq_robin
D:3:      layout_rooms, corexii_item_surrounded_by_moat
D:4:      nicolae_cairo_tiling_very_big, layout_cave_pools, old_standard_altar,
          serial_co_window_serial, co_window_paths_b, co_window_paths_a,
          co_window_of_opportunity_a, co_window_paths_a, co_window_corner_a,
          co_window_corner_a, co_window_unsneaky_path_c, co_window_corner_b,
          co_window_paths_c, co_window_paths_d, glass_columns_b,
          glass_columns_a, glass_columns_a, uniq_sigmund, uniq_duvessa
D:5:      layout_loops_corners, uniq_eustachio
D:6:      hellmonk_ruined_rings, layout_loops_ring, kennysheep_nondescript
D:7:      layout_basic, minmay_temple_entry_trees,
          nicolae_elevator_lobby_asterisk, uniq_maggie, uniq_prince_ribbit1,
          uniq_joseph, uniq_pikel

Skill      XL: |  1  2  3  4  5  6  7  8 |
---------------+-------------------------+-----
Stealth        | 7 8 9 |  9.4
Spellcasting   | 2 4 5 6 |  6.4
Invocations    | 2 4 6 |  6.1
Earth Magic    | 1 |  1.8
Fighting       | |  3.0
Short Blades   | |  2.0
Dodging        | |  2.0

Action                     |  1- 3 |  4- 6 |  7- 9 || total
---------------------------+-------+-------+-------++-------
  Melee: Short sword       |     7 |    26 |       ||    33
         Tentacles         |     5 |    45 |    51 ||   101
         Constrict         |     1 |    40 |    29 ||    70
         Dagger            |       |   174 |   162 ||   336
         Punch             |       |     3 |     2 ||     5
   Cast: Call Canine Famil |       |     6 |    13 ||    19
  Evoke: Wand              |     3 |     2 |     1 ||     6
    Use: Scroll            |     1 |     2 |     2 ||     5
         Potion            |       |     2 |     1 ||     3
   Stab: Sleeping          |       |     8 |       ||     8
 Armour: Skin              |     2 |   102 |   112 ||   216
  Dodge: Dodged            |     4 |    80 |   106 ||   190
  Block: Other             |       |    11 |    13 ||    24

Table legend: (Time is in decaauts)
 A = Elapsed time spent in this place.
 B = Non-inter-level travel time spent in this place.
 C = Inter-level travel time spent in this place.
 D = Time resting spent in this place.
 E = Time spent auto-exploring this place.
 F = Levels seen in this place.
 G = Mean time per level.
                   A        B        C        D        E       F      G
               +--------+--------+--------+--------+--------+-----+--------+
         Total |   5376 |   5313 |     63 |   1353 |   2382 |   7 |  768.0 |
       Dungeon |   5376 |   5313 |     63 |   1353 |   2382 |   7 |  768.0 |
               +--------+--------+--------+--------+--------+-----+--------+

Top non-repeatable levels by time:
     D:3: 1064 daAuts
     D:5: 1059 daAuts
     D:1: 902 daAuts
     D:2: 797 daAuts
     D:6: 635 daAuts
     D:4: 596 daAuts
     D:7: 320 daAuts
